SAAA
SCRANTON SUPERNOVAS @ TREMONT DOUBLEDAYS
08/02/2019
 
TOP OF THE 1ST
Scranton Supernovas batting - Pitching for Tremont Doubledays : RHP Bobby Swain
Pitching: RHP Bobby Swain
Batting: RHB Jesús Orozco 0-0: Ball
1-0: Swinging Strike
1-1: Bunt missed!
1-2: Foul Ball, location: 2F
1-2: Ball
2-2: SINGLE (Line Drive, 89S)
Batting: RHB Ryan Simpson 0-0: Ball
1-0: Ball
Jesús Orozco steals 2nd base
2-0: SINGLE (Line Drive, 8LS)
Jesús Orozco to third
Batting: LHB Francisco Ortega 0-0: Ball
1-0: Ball
2-0: Grounds into double play, 4-6-3 (Groundball, 4)
Jesús Orozco scores
Batting: RHB Joe Smith 0-0: Ball
1-0: Ball
2-0: DOUBLE (Flyball, 8LXD)
Batting: RHB Jerome Wilson 0-0: Swinging Strike
0-1: Ground out 5-3 (Groundball, 5)
Top of the 1st over - 1 run(s), 3 hit(s), 0 error(s), 1 left on base; Scranton 1 - Tremont 0
BOTTOM OF THE 1ST
Tremont Doubledays batting - Pitching for Scranton Supernovas : LHP Paco López
Pitching: LHP Paco López
Batting: RHB Dan Curtis 0-0: Called Strike
0-1: Foul Ball, location: 2F
0-2: Ball
1-2: Foul Ball, location: 2F
1-2: Ball
2-2: Ball
3-2: Base on Balls
Batting: RHB Bryan Wilson 0-0: Ball
1-0: Fly out, F7 (Flyball, 7S)
Batting: RHB Hank Wilder 0-0: Called Strike
0-1: Swinging Strike
0-2: Ball
1-2: Ball
2-2: Ball
3-2: Fly out, F8 (Popup, 8RS)
Batting: RHB Kazunori Ito 0-0: Called Strike
0-1: Ball
1-1: Called Strike
Dan Curtis steals 2nd base
1-2: Ball
2-2: Ball
3-2: Ground out 5-3 (Groundball, 15S)
Bottom of the 1st over - 0 run(s), 0 hit(s), 0 error(s), 1 left on base; Scranton 1 - Tremont 0
TOP OF THE 2ND
Scranton Supernovas batting - Pitching for Tremont Doubledays : RHP Bobby Swain
Batting: RHB Jesús Rodríguez 0-0: Ball
1-0: SINGLE (Flyball, 89M)
Batting: RHB Pedro Robles 0-0: Ball
1-0: Foul Ball, location: 2F
1-1: Ball
2-1: Ball
3-1: Base on Balls
Jesús Rodríguez to second
Batting: RHB Thomas Campbell 0-0: Swinging Strike
0-1: Swinging Strike
0-2: Ball
1-2: Ball
2-2: Ball
3-2: Strikes out swinging
Batting: RHB Ethan Stanford 0-0: Ball
1-0: Ball
2-0: Called Strike
2-1: Ball
3-1: Foul Ball, location: 2F
3-2: Grounds into double play, 6-4-3 (Groundball, 6)
Top of the 2nd over - 0 run(s), 1 hit(s), 0 error(s), 1 left on base; Scranton 1 - Tremont 0
BOTTOM OF THE 2ND
Tremont Doubledays batting - Pitching for Scranton Supernovas : LHP Paco López
Batting: SHB Carroll Kline 0-0: SOLO HOME RUN (Flyball, 89XD), Distance : 428 ft
Batting: RHB Claudio Mendoza 0-0: Ball
1-0: Ball
2-0: Called Strike
2-1: Foul Ball, location: 2F
2-2: Strikes out swinging
Batting: RHB Roy Clay 0-0: Foul Ball, location: 2F
0-1: Ball
1-1: Ball
2-1: Ground out 6-3 (Groundball, 6M)
Batting: SHB Colm Neal 0-0: Called Strike
0-1: Foul Ball, location: 2F
0-2: Foul Ball, location: 2F
0-2: Ball
1-2: Foul Ball, location: 2F
1-2: Ball
2-2: Ball
3-2: Foul Ball, location: 2F
3-2: Fly out, F5 (Popup, 5)
Bottom of the 2nd over - 1 run(s), 1 hit(s), 0 error(s), 0 left on base; Scranton 1 - Tremont 1
TOP OF THE 3RD
Scranton Supernovas batting - Pitching for Tremont Doubledays : RHP Bobby Swain
Batting: RHB Jesús Orozco 0-0: Fly out, F9 (Flyball, 89M)
Batting: RHB Ryan Simpson 0-0: Ball
1-0: Called Strike
1-1: Fly out, F1 (Line Drive, 15)
Batting: LHB Francisco Ortega 0-0: Ball
1-0: Called Strike
1-1: Ball
2-1: Swinging Strike
2-2: Fly out, F6 (Popup, 6)
Top of the 3rd over - 0 run(s), 0 hit(s), 0 error(s), 0 left on base; Scranton 1 - Tremont 1
BOTTOM OF THE 3RD
Tremont Doubledays batting - Pitching for Scranton Supernovas : LHP Paco López
Batting: RHB William Gaines 0-0: Ball
1-0: Foul Ball, location: 2F
1-1: Ball
2-1: Foul Ball, location: 2F
2-2: Foul Ball, location: 2F
2-2: SINGLE (Groundball, 6)
Batting: RHB Dan Curtis 0-0: Called Strike
0-1: Ball
1-1: SINGLE (Line Drive, 9LS)
William Gaines to second
Batting: RHB Bryan Wilson 0-0: Ball
William Gaines steals 3rd base
Dan Curtis to second
1-0: Called Strike
1-1: Foul Ball, location: 2F
1-2: Foul Ball, location: 2F
1-2: SINGLE (Line Drive, 89M)
William Gaines scores
Dan Curtis to third
Batting: RHB Hank Wilder 0-0: Ball
1-0: Foul Ball, location: 2F
1-1: Called Strike
1-2: Fly out, F1 (Line Drive, 13S)
Batting: RHB Kazunori Ito 0-0: Ball
1-0: Called Strike
1-1: Foul Ball, location: 2F
1-2: Foul Ball, location: 2F
1-2: Foul Ball, location: 2F
1-2: Fly out, F4 (Line Drive, 4MS)
Batting: SHB Carroll Kline 0-0: Called Strike
0-1: Called Strike
0-2: Ball
Bryan Wilson steals 2nd base
1-2: Foul Ball, location: 2F
1-2: Strikes out swinging
Bottom of the 3rd over - 1 run(s), 3 hit(s), 0 error(s), 2 left on base; Scranton 1 - Tremont 2
TOP OF THE 4TH
Scranton Supernovas batting - Pitching for Tremont Doubledays : RHP Bobby Swain
Batting: RHB Joe Smith 0-0: Ball
1-0: SINGLE (Line Drive, 8LS)
Batting: RHB Jerome Wilson 0-0: Ball
1-0: Foul Ball, location: 2F
1-1: SINGLE (Line Drive, 89S)
Joe Smith to second
Throwing error, E9
Joe Smith scores
Jerome Wilson to second
Batting: RHB Jesús Rodríguez 0-0: Ball
1-0: Swinging Strike
1-1: Fly out, F9 (Flyball, 89D)
Runner from 2nd tags up, SAFE at 3rd, no throw
Batting: RHB Pedro Robles 0-0: Ball
1-0: 2-RUN HOME RUN (Flyball, 9D), Distance : 393 ft
Batting: RHB Thomas Campbell 0-0: Ball
1-0: Called Strike
1-1: Foul Ball, location: 2F
1-2: Ball
2-2: Strikes out swinging
Batting: RHB Ethan Stanford 0-0: Called Strike
0-1: Ball
1-1: Foul Ball, location: 2F
1-2: Ball
2-2: Foul Ball, location: 2F
2-2: Ground out 6-3 (Groundball, 6)
Top of the 4th over - 3 run(s), 3 hit(s), 1 error(s), 0 left on base; Scranton 4 - Tremont 2
BOTTOM OF THE 4TH
Tremont Doubledays batting - Pitching for Scranton Supernovas : LHP Paco López
Batting: RHB Claudio Mendoza 0-0: Called Strike
0-1: Ball
1-1: Ball
2-1: Foul Ball, location: 2F
2-2: Foul Ball, location: 2F
2-2: Strikes out looking
Batting: RHB Roy Clay 0-0: Called Strike
0-1: Called Strike
0-2: Foul Ball, location: 2F
0-2: DOUBLE (Line Drive, 78M)
Batting: SHB Colm Neal 0-0: Foul Ball, location: 2F
0-1: Ball
1-1: Swinging Strike
1-2: Foul Ball, location: 2F
1-2: Strikes out swinging
Batting: RHB William Gaines 0-0: Ball
1-0: SINGLE (Groundball, 6MD)
Roy Clay to third
Runner from 3rd tries for Home, SAFE, no throw or cutoff
Batting: RHB Dan Curtis 0-0: Called Strike
William Gaines is caught stealing 2nd base
Bottom of the 4th over - 1 run(s), 2 hit(s), 0 error(s), 0 left on base; Scranton 4 - Tremont 3
TOP OF THE 5TH
Scranton Supernovas batting - Pitching for Tremont Doubledays : RHP Bobby Swain
Batting: RHB Jesús Orozco 0-0: Foul Ball, location: 2F
0-1: Swinging Strike
0-2: Ball
1-2: Ball
2-2: Foul Ball, location: 2F
2-2: Fly out, F9 (Flyball, 89S)
Batting: RHB Ryan Simpson 0-0: Called Strike
0-1: Foul Ball, location: 2F
0-2: Ball
1-2: Strikes out swinging
Batting: LHB Francisco Ortega 0-0: Swinging Strike
0-1: Swinging Strike
0-2: Strikes out swinging
Top of the 5th over - 0 run(s), 0 hit(s), 0 error(s), 0 left on base; Scranton 4 - Tremont 3
BOTTOM OF THE 5TH
Tremont Doubledays batting - Pitching for Scranton Supernovas : LHP Paco López
Batting: RHB Dan Curtis 0-0: Foul Ball, location: 2F
0-1: Ball
1-1: Ball
2-1: Ball
3-1: Base on Balls
Batting: RHB Bryan Wilson 0-0: Ball
1-0: Ground out 3-1 (Groundball, 34S)
Dan Curtis to second
Batting: RHB Hank Wilder 0-0: Ball
1-0: Ball
2-0: Ball
3-0: Base on Balls
Pitching: LHP Lee Reynolds
Batting: RHB Kazunori Ito 0-0: Ball
1-0: Foul Ball, location: 2F
1-1: Foul Ball, location: 2F
1-2: Strikes out looking
Batting: SHB Carroll Kline 0-0: Called Strike
0-1: Ball
1-1: Ball
2-1: Fly out, F9 (Flyball, 89S)
Bottom of the 5th over - 0 run(s), 0 hit(s), 0 error(s), 2 left on base; Scranton 4 - Tremont 3
TOP OF THE 6TH
Scranton Supernovas batting - Pitching for Tremont Doubledays : RHP Bobby Swain
Batting: RHB Joe Smith 0-0: Swinging Strike
0-1: Ground out 6-3 (Groundball, 6)
Batting: RHB Jerome Wilson 0-0: Ball
1-0: Ball
2-0: Ball
3-0: Called Strike
3-1: Base on Balls
Batting: RHB Jesús Rodríguez 0-0: Called Strike
0-1: Called Strike
Jerome Wilson steals 2nd base
0-2: Ball
1-2: Ball
2-2: Strikes out looking
Batting: RHB Pedro Robles 0-0: SINGLE (Groundball, 6MD)
Jerome Wilson to third
Runner from 3rd tries for Home, SAFE, no throw or cutoff
Pitching: RHP Larry Branch
Batting: RHB Thomas Campbell 0-0: Swinging Strike
0-1: Called Strike
0-2: Ball
1-2: Fielders Choice at 2nd, 5-4 (Groundball, 5)
Top of the 6th over - 1 run(s), 1 hit(s), 0 error(s), 0 left on base; Scranton 5 - Tremont 3
BOTTOM OF THE 6TH
Tremont Doubledays batting - Pitching for Scranton Supernovas : LHP Lee Reynolds
Batting: RHB Claudio Mendoza 0-0: Ball
1-0: Swinging Strike
1-1: Foul Ball, location: 2F
1-2: SINGLE (Flyball, 9S)
Batting: RHB Roy Clay 0-0: Ball
Claudio Mendoza is caught stealing 2nd base
1-0: Called Strike
1-1: Foul Ball, location: 2F
1-2: DOUBLE (Flyball, 89D)
Batting: SHB Colm Neal 0-0: Ball
1-0: Foul Ball, location: 2F
1-1: DOUBLE (Line Drive, 7LM)
Roy Clay scores
Batting: RHB William Gaines 0-0: Ball
1-0: Ground out 6-3 (Groundball, 6M)
Colm Neal to third
Batting: RHB Dan Curtis 0-0: Ball
1-0: Ground out 6-3 (Groundball, 6)
Bottom of the 6th over - 1 run(s), 3 hit(s), 0 error(s), 1 left on base; Scranton 5 - Tremont 4
TOP OF THE 7TH
Scranton Supernovas batting - Pitching for Tremont Doubledays : RHP Larry Branch
Batting: RHB Ethan Stanford 0-0: Ball
1-0: Ball
2-0: Called Strike
2-1: Ball
3-1: Foul Ball, location: 2F
3-2: Base on Balls
Batting: RHB Jesús Orozco 0-0: Called Strike
0-1: Bunted foul
0-2: Foul Ball, location: 2F
0-2: Ground out 5-3 (Groundball, 56)
Ethan Stanford to second
Pinch Hitting: RHB Cris López 0-0: Intentional Walk
Pitching: LHP Víctor Sánchez
Pinch Hitting: RHB Lance Davis 0-0: Called Strike
0-1: Ball
1-1: Ball
2-1: DOUBLE (Flyball, 89XD)
Ethan Stanford scores
Cris López to third
Runner from 3rd tries for Home, throw and OUT!
Batting: RHB Joe Smith 0-0: Intentional Walk
Pitching: RHP Hänsel Freeh
Batting: RHB Jerome Wilson 0-0: Ball
1-0: Fly out, F5 (Line Drive, 5)
Top of the 7th over - 1 run(s), 1 hit(s), 0 error(s), 2 left on base; Scranton 6 - Tremont 4
BOTTOM OF THE 7TH
Tremont Doubledays batting - Pitching for Scranton Supernovas : LHP Lee Reynolds
Now at 1B: Cris López
Now in LF: Lance Davis
Batting: RHB Bryan Wilson 0-0: Ball
1-0: Ball
2-0: Called Strike
2-1: Swinging Strike
2-2: Strikes out swinging
Pitching: RHP Eric Holt
Batting: RHB Hank Wilder 0-0: Called Strike
0-1: Called Strike
0-2: SINGLE (Line Drive, 6)
Batting: RHB Kazunori Ito 0-0: Fly out, F8 (Flyball, 8RM)
Batting: SHB Carroll Kline 0-0: Foul Ball, location: 2F
0-1: Called Strike
0-2: Ball
1-2: Strikes out swinging
Bottom of the 7th over - 0 run(s), 1 hit(s), 0 error(s), 1 left on base; Scranton 6 - Tremont 4
TOP OF THE 8TH
Scranton Supernovas batting - Pitching for Tremont Doubledays : RHP Hänsel Freeh
Batting: RHB Jesús Rodríguez 0-0: Ball
1-0: Ground out 4-3 (Groundball, 34)
Batting: RHB Pedro Robles 0-0: Ball
1-0: Ball
2-0: Foul Ball, location: 2F
2-1: Ball
3-1: Ground out 1-3 (Groundball, 13S)
Batting: RHB Thomas Campbell 0-0: Ball
1-0: Called Strike
1-1: Ground out 6-3 (Groundball, 56)
Top of the 8th over - 0 run(s), 0 hit(s), 0 error(s), 0 left on base; Scranton 6 - Tremont 4
BOTTOM OF THE 8TH
Tremont Doubledays batting - Pitching for Scranton Supernovas : RHP Eric Holt
Now at C: Michael Messer
Batting: RHB Claudio Mendoza 0-0: Foul Ball, location: 2F
0-1: Ball
1-1: Called Strike
1-2: Strikes out swinging
Batting: RHB Roy Clay 0-0: Called Strike
0-1: Foul Ball, location: 2F
0-2: Fly out, F7 (Flyball, 7D)
Batting: SHB Colm Neal 0-0: Fly out, F6 (Popup, 6MD)
Bottom of the 8th over - 0 run(s), 0 hit(s), 0 error(s), 0 left on base; Scranton 6 - Tremont 4
TOP OF THE 9TH
Scranton Supernovas batting - Pitching for Tremont Doubledays : RHP Hänsel Freeh
Batting: RHB Ethan Stanford 0-0: Ball
1-0: Fly out, F8 (Line Drive, 8LS)
Batting: RHB Jesús Orozco 0-0: Foul Ball, location: 2F
0-1: Called Strike
0-2: Hit by Pitch
Batting: RHB Cris López 0-0: Ball
1-0: Ball
Jesús Orozco steals 2nd base
2-0: Intentional Walk
Pitching: LHP Frenk Norman
Batting: RHB Lance Davis 0-0: Ball
Jesús Orozco steals 3rd base
Cris López to second
1-0: Intentional Walk
Batting: RHB Michael Messer 0-0: Foul Ball, location: 2F
0-1: Swinging Strike
0-2: Strikes out swinging
Batting: RHB Jerome Wilson 0-0: Ball
1-0: Ball
2-0: Called Strike
2-1: Called Strike
2-2: Foul Ball, location: 2F
2-2: Foul Ball, location: 2F
2-2: Ball
3-2: Fly out, F8 (Flyball, 8RM)
Top of the 9th over - 0 run(s), 0 hit(s), 0 error(s), 3 left on base; Scranton 6 - Tremont 4
BOTTOM OF THE 9TH
Tremont Doubledays batting - Pitching for Scranton Supernovas : RHP Eric Holt
Pitching: RHP Jim Unknown
Batting: RHB William Gaines 0-0: Ball
1-0: Fly out, F4 (Popup, 3)
Batting: RHB Dan Curtis 0-0: Foul Ball, location: 2F
0-1: Ball
1-1: Swinging Strike
1-2: Strikes out swinging
Batting: RHB Bryan Wilson 0-0: Swinging Strike
0-1: Foul Ball, location: 2F
0-2: Ball
1-2: Foul Ball, location: 2F
1-2: Strikes out swinging
Bottom of the 9th over - 0 run(s), 0 hit(s), 0 error(s), 0 left on base; Scranton 6 - Tremont 4
This league is powered by Out of the Park Baseball, the baseball management simulation game for PC, Mac and Linux
Saturday, July 25th, 2015 - OOTP Baseball 15.6 Build 34